[Event "SVK Extraliga 2019-20"]
[Site "Slovakia"]
[Date "2020.01.19"]
[Round "6.4"]
[White "Piesik, Piotr"]
[Black "Matejovic, Juraj"]
[Result "1-0"]
[ECO "E92"]
[WhiteElo "2419"]
[BlackElo "2216"]
[Annotator "NA"]
[PlyCount "103"]
[EventDate "2019.10.19"]
[EventType "team-tourn"]
[EventCountry "SVK"]
[SourceTitle "playchess.com"]
[Source "ChessBase"]
[SourceQuality "1"]
[WhiteTeam "Dubnica"]
[BlackTeam "Dunajov"]
[TimeControl "40/5400+30:1800+30"]

1. d4 Nf6 2. c4 g6 3. Nc3 Bg7 4. e4 d6 5. Nf3 O-O 6. Be2 e5 7. d5 a5 8. Bg5 h6 9. Bh4 Na6 10. Nd2 Nc5 11. b3 Bd7 12. O-O Qe8 13. a3 h5 {[%emt 0:07:19] E92: King's Indian: Classical: 6 Be2 e5: 7 dxe5, 7 Be3 and Petrosian System without 7...Nbd7} (13... Nh7 14. b4 axb4 15. axb4 Rxa1 16. Qxa1 Na6 17. Rb1 f5 18. f3 h5 19. c5 Bh6 20. Bxa6 Bxd2 21. Bxb7 g5 {0-1 (50) Savchenko,B (2567)-Adhiban,B (2674) Berlin 2015}) 14. b4 axb4 15. axb4 Na4 16. Qc1 $146 ({Predecessor:} 16. Qc2 Nh7 17. f3 Nxc3 18. Qxc3 Rxa1 19. Rxa1 f5 20. c5 g5 21. Bf2 {0-1 (45) Lada,M (2159)-Kamieniecki,T (2016) Warsaw 2010}) 16... Nh7 17. f3 Bh6 18. Bf2 f5 19. Bd3 Nf6 20. h3 Bg5 21. c5 fxe4 22. Ncxe4 Nxe4 23. Bxe4 Bb5 24. Re1 Qf7 25. Qc2 Kg7 $16 26. Ra3 Ra6 27. Rea1 Rfa8 28. Nb1 Qf4 29. Bxg6 Qc1+ 30. Kh2 h4 31. Bg1 Qxc2 32. Bxc2 Bf4+ 33. Kh1 Bc1 34. Bxa4 Bxa4 35. Rd3 Bb5 36. Rxa6 Rxa6 37. Rd1 Bb2 38. Nd2 Kf7 39. Ne4 Bd7 40. Rb1 Ba3 41. Bf2 Bb5 42. cxd6 cxd6 43. Bxh4 Bc4 44. b5 Ra4 45. Ra1 Bb3 46. Nc3 Rc4 47. Ne4 Ra4 48. Be1 Ke7 49. Nc3 Ra7 50. Bf2 Ra5 51. Bb6 Ra8 52. Nb1 1-0

[Event "SVK Extraliga 2019-20"]
[Site "Slovakia"]
[Date "2020.01.19"]
[Round "6.4"]
[White "Hrabusa, Matej"]
[Black "Mosesov, Danylo"]
[Result "1/2-1/2"]
[ECO "B90"]
[WhiteElo "2364"]
[BlackElo "2382"]
[Annotator "NA"]
[PlyCount "84"]
[EventDate "2019.10.19"]
[EventType "team-tourn"]
[EventCountry "SVK"]
[SourceTitle "playchess.com"]
[Source "ChessBase"]
[SourceQuality "1"]
[WhiteTeam "Liptovska"]
[BlackTeam "Košice"]
[TimeControl "40/5400+30:1800+30"]

1. e4 c5 2. Nf3 d6 3. d4 cxd4 4. Nxd4 Nf6 5. Nc3 a6 6. h3 Nc6 7. g4 {[%emt 0:05:21] B90: Sicilian Najdorf: Unusual White 6th moves, 6 Be3 Ng4 and 6 Be3 e5} (7. Be3 e5 8. Nb3 Be6 9. Qf3 Be7 10. O-O-O O-O 11. g4 b5 12. Kb1 Nd7 13. Nd5 Rb8 14. h4 a5 15. g5 {1-0 (34) Caruana,F (2822)-Korobov,A (2670) Bucharest 2019}) 7... Qb6 8. Nb3 e6 9. Be3 $146 ({Predecessor:} 9. Bg2 Qc7 10. f4 b5 11. Be3 Be7 12. Qd2 Nd7 {½-½ (60) Li,C (2708)-Korobov,A (2685) Batumi 2018}) 9... Qc7 10. Qe2 b5 11. Bg2 Be7 12. f4 Nd7 13. Qf2 Rb8 14. O-O O-O 15. a3 Re8 16. Rad1 Nb6 17. Kh1 Na4 18. Nxa4 bxa4 19. Nd2 Na5 20. Rb1 Bd7 21. Bd4 Rec8 22. Bc3 Bb5 23. Rfe1 Qd8 24. g5 $11 Bf8 25. Rbd1 Rxc3 26. bxc3 Qc7 27. f5 Qxc3 28. fxe6 fxe6 29. Nf3 Be7 30. e5 d5 31. Nd4 Rf8 32. Qh4 Bd7 33. Qg4 Qc8 34. h4 Bxa3 35. Bh3 Qc3 36. Rf1 Nc4 37. Rxf8+ Bxf8 38. Rf1 Bc5 39. g6 hxg6 40. Nxe6 Nxe5 41. Qg2 Bxe6 42. Bxe6+ Kh7 1/2-1/2

[Event "SVK Extraliga 2019-20"]
[Site "Slovakia"]
[Date "2020.01.19"]
[Round "6.4"]
[White "Szustakowski, Antoni"]
[Black "Simacek, Pavel"]
[Result "0-1"]
[ECO "A61"]
[WhiteElo "2299"]
[BlackElo "2469"]
[Annotator "ChessBase"]
[PlyCount "168"]
[EventDate "2019.10.19"]
[EventType "team-tourn"]
[EventCountry "SVK"]
[SourceTitle "playchess.com"]
[Source "ChessBase"]
[SourceQuality "1"]
[WhiteTeam "Prakovce"]
[BlackTeam "Snina"]
[TimeControl "40/5400+30:1800+30"]

1. d4 Nf6 2. c4 c5 3. d5 e6 4. Nc3 exd5 5. cxd5 d6 6. Nf3 g6 7. Bf4 a6 8. a4 Bg7 9. h3 O-O 10. e3 Re8 11. Be2 Ne4 12. Nxe4 Rxe4 13. Nd2 Rb4 14. Nc4 Bxb2 15. Nxb2 Rxb2 16. O-O Qf6 17. Bg4 Nd7 18. Bxd7 Bxd7 19. Qf3 Re8 20. Qg3 Rd2 21. e4 Rd4 22. f3 Rxa4 23. Rxa4 Bxa4 24. Bxd6 c4 25. Rc1 Bb3 26. Bc5 Qb2 27. Qe1 Rc8 28. Bb4 Qd4+ 29. Qf2 Qxf2+ 30. Kxf2 b6 31. Ke3 a5 32. Bc3 Kf8 33. Kd4 Ke7 34. f4 Ra8 35. Ra1 Kd7 36. e5 h5 37. g3 a4 38. Ra3 Ra7 39. g4 hxg4 40. hxg4 Bd1 41. Kxc4 Bb3+ 42. Kb5 Bxd5 43. Kxb6 Rc7 44. f5 Bb3 45. Ba1 Rc4 46. e6+ fxe6 47. fxe6+ Kxe6 48. g5 Kd5 49. Kb5 Rc8 50. Kb4 Rb8+ 51. Kc3 Ke4 52. Kd2 Rd8+ 53. Ke2 Rd3 54. Kf2 Kf4 55. Bf6 Rd2+ 56. Kf1 Kf3 57. Ra1 Rh2 58. Kg1 Rg2+ 59. Kf1 Rf2+ 60. Ke1 Re2+ 61. Kf1 Rh2 62. Kg1 Rg2+ 63. Kf1 Bc4+ 64. Ke1 Ke3 65. Kd1 Bb3+ 66. Kc1 Rc2+ 67. Kb1 Kd3 68. Ra3 Re2 69. Bg7 Kc4 70. Ra1 Rc2 71. Bf6 Kb5 72. Be5 Re2 73. Bg7 Rg2 74. Bf6 Rc2 75. Be5 Kc6 76. Bf6 Kd6 77. Ra3 Kd5 78. Ra1 Kc4 79. Bg7 Re2 80. Kc1 Ba2 81. Kd1 Kd3 82. Bf8 a3 83. Bxa3 Rh2 84. Kc1 Kc3 0-1

[Event "SVK Extraliga 2019-20"]
[Site "Slovakia"]
[Date "2020.01.19"]
[Round "6.4"]
[White "Rohacek, Miroslav"]
[Black "Vass, Frantisek"]
[Result "1/2-1/2"]
[ECO "D06"]
[WhiteElo "2205"]
[BlackElo "2306"]
[Annotator "NA"]
[PlyCount "61"]
[EventDate "2019.10.19"]
[EventType "team-tourn"]
[EventCountry "SVK"]
[SourceTitle "playchess.com"]
[Source "ChessBase"]
[SourceQuality "1"]
[WhiteTeam "Bratislava"]
[BlackTeam "Podhajska"]
[TimeControl "40/5400+30:1800+30"]

1. d4 d5 2. c4 Bf5 3. cxd5 Bxb1 4. Qa4+ c6 5. Rxb1 Qxd5 6. Nf3 Nd7 7. e3 Ngf6 8. Bd2 e6 9. Be2 Ne4 10. Bb4 Nb6 11. Qa5 Bd6 12. O-O O-O 13. Bd3 Nc4 14. Bxc4 Qxc4 15. Bxd6 Nxd6 16. Rfc1 Qd5 17. Rc5 Qe4 18. Qe1 Rfd8 19. Rbc1 h6 20. Ne5 Nf5 21. Qc3 Rd5 22. b4 f6 23. Nf3 Rad8 24. h3 Nd6 25. a4 a6 26. Qc2 Qxc2 27. R1xc2 Ne4 28. R5c4 Nd6 29. Rc5 Ne4 30. R5c4 Nd6 31. Rc5 1/2-1/2

[Event "SVK Extraliga 2019-20"]
[Site "Slovakia"]
[Date "2020.01.19"]
[Round "6.5"]
[White "Mrva, Martin"]
[Black "Jacko, Vladimir"]
[Result "0-1"]
[ECO "C41"]
[WhiteElo "2395"]
[BlackElo "2312"]
[Annotator "NA"]
[PlyCount "128"]
[EventDate "2019.10.19"]
[EventType "team-tourn"]
[EventCountry "SVK"]
[SourceTitle "playchess.com"]
[Source "ChessBase"]
[SourceQuality "1"]
[WhiteTeam "Snina"]
[BlackTeam "Prakovce"]
[TimeControl "40/5400+30:1800+30"]

1. e4 e5 2. Nf3 d6 3. d4 exd4 4. Nxd4 Nf6 5. Nc3 g6 6. Be3 Bg7 7. Qd2 O-O 8. O-O-O Re8 9. f3 {[%emt 0:01:09] C41: Philidor Defence} d5 (9... Nc6 10. Kb1 Nxd4 11. Bxd4 Be6 12. Nd5 Bxd5 13. exd5 c5 14. dxc6 bxc6 15. g4 d5 16. h4 Rb8 17. b3 Qd6 18. h5 {0-1 (53) Saric,I (2695)-Mamedov,R (2703) St Petersburg 2018}) 10. Nb3 c6 11. Bg5 a5 $146 ({Predecessor:} 11... Qd6 12. exd5 cxd5 13. Nxd5 Nxd5 14. Qxd5 Qxd5 15. Rxd5 Be6 16. Rd1 Nc6 {1-0 (31) Ahmed,S (2186)-Uten (2086) Dhaka 2019}) 12. a4 b5 13. exd5 ({Of course not} 13. axb5 $6 a4 $11) 13... bxa4 {[%emt 0:08:44] [#]} 14. Nxa4 (14. dxc6 $1 $16 Nxc6 15. Bb5 (15. Nxa4 Qxd2+ 16. Bxd2 Rb8 $16) 15... axb3 16. Bxc6) 14... cxd5 15. Nbc5 Nbd7 16. Bb5 Rb8 17. Bxd7 Bxd7 18. Bxf6 Bxf6 19. Qxd5 Bg5+ 20. Kb1 Bxa4 21. Nxa4 Qf6 22. Rhe1 Rec8 23. Rd3 Qf4 24. Rd4 Qf6 25. Rde4 ({Better is} 25. c3 $14) 25... Bh6 $11 26. Qxa5 Qc6 27. R1e2 Bf8 28. b3 Rxb3+ 29. Nb2 Ra3 30. Ra4 Rc3 31. Qa6 Qc5 32. Qb7 Qg1+ 33. Ka2 R3c7 34. Qd5 Bg7 35. c4 Qf1 36. Qd3 Qg1 37. Nd1 Bf6 38. Nc3 Rb7 39. Qd1 Qxh2 40. Ne4 Be7 41. Qd5 Qb8 42. c5 Rd8 43. Qc4 Qc7 44. Rc2 Rdb8 45. Ra6 Rb4 46. Qd5 Rd8 47. Nc3 Qc8 48. Ra7 Rxd5 49. Nxd5 Qe6 50. Ka3 Rb7 51. Nxe7+ Rxe7 52. Rxe7 Qxe7 53. Ka4 Qa7+ 54. Kb5 Qb7+ 55. Kc4 Qa6+ 56. Kb4 Qb7+ 57. Kc4 Kf8 58. Kd4 Qb4+ 59. Ke3 Qb3+ 60. Kd2 Qd5+ 61. Ke3 Qc6 62. Kd4 Ke7 63. Re2+ Kd7 64. Rc2 Qa4+ 0-1

[Event "SVK Extraliga 2019-20"]
[Site "Slovakia"]
[Date "2020.01.19"]
[Round "6.5"]
[White "Csonka, Attila Istvan"]
[Black "Pacher, Milan"]
[Result "1-0"]
[ECO "B33"]
[WhiteElo "2350"]
[BlackElo "2402"]
[Annotator "NA"]
[PlyCount "110"]
[EventDate "2019.10.19"]
[EventType "team-tourn"]
[EventCountry "SVK"]
[SourceTitle "playchess.com"]
[Source "ChessBase"]
[SourceQuality "1"]
[WhiteTeam "Streda"]
[BlackTeam "Slovan"]
[TimeControl "40/5400+30:1800+30"]

1. e4 c5 2. Nf3 Nc6 3. d4 cxd4 4. Nxd4 Nf6 5. Nc3 e5 6. Ndb5 d6 7. Bg5 a6 8. Na3 b5 9. Nd5 Be7 10. Bxf6 Bxf6 11. c4 b4 {[%emt 0:00:04] B33: Sicilian: Pelikan and Sveshnikov Variations} 12. Nc2 O-O 13. g3 a5 14. Bg2 g6 15. O-O Bg7 16. Qd3 Rb8 {[%emt 0:06:09] [#]} 17. Rfd1 $146 ({Predecessor:} 17. b3 Be6 18. Rfd1 Qd7 19. Qe2 {1-0 (41) Dominguez Perez,L (2720)-Lupulescu,C (2618) Baku 2016}) 17... Nd4 18. Nxd4 exd4 19. Nf4 Bg4 20. f3 Be6 21. b3 Qb6 22. Kh1 Rbe8 23. Re1 h5 24. Rad1 h4 25. Ne2 hxg3 26. hxg3 Be5 27. f4 Bf6 28. Nxd4 Bg4 29. Rd2 Kg7 {[%emt 0:01:04] [#]} 30. Qe3 $11 (30. Kg1 $1 $16) 30... Qc5 31. e5 Rh8+ 32. Kg1 Bd8 33. Nc2 Bb6 34. Rxd6 Qxd6 35. exd6 Bxe3+ 36. Nxe3 Be6 37. c5 a4 38. c6 axb3 39. axb3 Rd8 40. Rd1 Bxb3 41. Rd4 Be6 42. c7 Rde8 43. Rxb4 Bd7 44. Kf2 Rh2 45. Rb8 Rhh8 46. Rxe8 Rxe8 47. Nc4 Kf6 48. Bd5 Bg4 49. Ne5 Rxe5 50. fxe5+ Kxe5 51. Bb7 Kxd6 52. c8=Q Bxc8 53. Bxc8 Ke5 54. Kf3 Kf6 55. Kf4 Kg7 1-0

[Event "SVK Extraliga 2019-20"]
[Site "Slovakia"]
[Date "2020.01.19"]
[Round "6.5"]
[White "Dovzik, Juri"]
[Black "Plachetka, Jan"]
[Result "1-0"]
[ECO "A33"]
[WhiteElo "2273"]
[BlackElo "2301"]
[Annotator "ChessBase"]
[PlyCount "53"]
[EventDate "2019.10.19"]
[EventType "team-tourn"]
[EventCountry "SVK"]
[SourceTitle "playchess.com"]
[Source "ChessBase"]
[SourceQuality "1"]
[WhiteTeam "Košice"]
[BlackTeam "Liptovska"]
[TimeControl "40/5400+30:1800+30"]

1. c4 c5 2. Nf3 Nc6 3. d4 cxd4 4. Nxd4 Nf6 5. Nc3 e6 6. a3 Be7 7. e4 d6 8. Be2 O-O 9. O-O a6 10. Be3 Bd7 11. f3 Rc8 12. Nb3 Ne5 13. Nd2 Re8 14. Kh1 Bc6 15. Bg1 Ng6 16. Re1 d5 17. cxd5 exd5 18. exd5 Nxd5 19. Nde4 Bh4 20. Ng3 Nxc3 21. bxc3 Qg5 22. Bf2 Nf4 23. Bf1 Red8 24. Qc1 h5 25. Ne4 Bxe4 26. Bxh4 Qxh4 27. Rxe4 1-0

[Event "SVK Extraliga 2019-20"]
[Site "Slovakia"]
[Date "2020.01.19"]
[Round "6.5"]
[White "Cibickova, Zuzana"]
[Black "Lintner, Igor"]
[Result "1/2-1/2"]
[ECO "B41"]
[WhiteElo "2254"]
[BlackElo "2204"]
[Annotator "NA"]
[PlyCount "105"]
[EventDate "2019.10.19"]
[EventType "team-tourn"]
[EventCountry "SVK"]
[SourceTitle "playchess.com"]
[Source "ChessBase"]
[SourceQuality "1"]
[WhiteTeam "Podhajska"]
[BlackTeam "Bratislava"]
[TimeControl "40/5400+30:1800+30"]

1. e4 c5 2. Nf3 e6 3. d4 cxd4 4. Nxd4 a6 5. c4 b6 6. Nc3 Bb7 7. Bd3 d6 8. O-O Nf6 9. Qe2 Nbd7 10. f4 Qc7 11. Kh1 h5 12. f5 e5 13. Nc2 Nc5 14. Ne3 Rc8 15. Ncd5 Bxd5 16. Nxd5 Nxd5 17. cxd5 Nxd3 18. Qxd3 Qc4 19. Qf3 Be7 20. b3 Qb4 21. a3 Qc3 22. Qxc3 Rc7 23. Qc4 Rxc4 24. Rf3 Rc2 25. Be3 b5 26. Rc1 Rxc1+ 27. Bxc1 Kd7 28. Rc3 Rc8 29. Rxc8 Kxc8 30. Kg1 g5 31. fxg6 fxg6 32. Kf2 Kd7 33. g4 Bh4+ 34. Kf3 Ke7 35. Bd2 Kd7 36. Ba5 Ke7 37. Bb6 Kd7 38. Be3 Ke7 39. Ba7 Kd7 40. Bg1 Ke7 41. Bb6 Kd7 42. Ba7 Ke7 43. Be3 Kd7 44. gxh5 gxh5 45. Kg2 Ke8 46. Bb6 Be7 47. Kh3 Kf7 48. Bc7 Kg6 49. Kg3 Kf7 50. Bb8 Kg6 51. Kf3 Kf7 52. Bc7 Ke8 53. Kg2 1/2-1/2

[Event "SVK Extraliga 2019-20"]
[Site "Slovakia"]
[Date "2020.01.20"]
[Round "6.6"]
[White "Maslik, Miroslav"]
[Black "Druska, Juraj"]
[Result "0-1"]
[ECO "A45"]
[WhiteElo "2358"]
[BlackElo "2501"]
[Annotator "ChessBase"]
[PlyCount "94"]
[EventDate "2019.10.19"]
[EventType "team-tourn"]
[EventCountry "SVK"]
[SourceTitle "playchess.com"]
[Source "ChessBase"]
[SourceQuality "1"]
[WhiteTeam "Modra"]
[BlackTeam "Zilina"]
[WhiteTeamCountry "SVK"]
[BlackTeamCountry "SVK"]
[TimeControl "40/5400+30:1800+30"]

1. d4 Nf6 2. Bg5 e6 3. e4 h6 4. Bxf6 Qxf6 5. c3 d6 6. Nd2 e5 7. Ngf3 g6 8. Bc4 Bg7 9. a4 O-O 10. a5 exd4 11. Nxd4 Nc6 12. Nxc6 bxc6 13. O-O Rb8 14. Qc2 Be6 15. Bxe6 Qxe6 16. Ra4 Rb5 17. b3 Rfb8 18. Qd3 Qe5 19. Rc4 Rc5 20. Nf3 Qh5 21. b4 Rxc4 22. Qxc4 Qb5 23. Qxb5 Rxb5 24. Rc1 c5 25. Kf1 Kf8 26. Ke2 Ke7 27. Kd3 Kd7 28. Kc4 a6 29. Kb3 cxb4 30. cxb4 c5 31. Rc4 cxb4 32. Rxb4 Rxa5 33. Rb7+ Ke6 34. Rb4 Ra1 35. Nd4+ Bxd4 36. Rxd4 Rh1 37. Rd2 Rxh2 38. g3 Rh1 39. Ra2 Re1 40. Rxa6 Re2 41. Kc4 Rxf2 42. Kd4 Rf3 43. e5 Rxg3 44. Rxd6+ Ke7 45. Rb6 Rg1 46. Rb7+ Kf8 47. e6 Rd1+ 0-1

[Event "SVK Extraliga 2019-20"]
[Site "Slovakia"]
[Date "2020.01.19"]
[Round "6.6"]
[White "Zambor, Norbert"]
[Black "Krak, Tomas"]
[Result "1/2-1/2"]
[ECO "B30"]
[WhiteElo "2261"]
[BlackElo "2349"]
[Annotator "NA"]
[PlyCount "31"]
[EventDate "2019.10.19"]
[EventType "team-tourn"]
[EventCountry "SVK"]
[SourceTitle "playchess.com"]
[Source "ChessBase"]
[SourceQuality "1"]
[WhiteTeam "Prakovce"]
[BlackTeam "Snina"]
[TimeControl "40/5400+30:1800+30"]

1. e4 c5 2. Nf3 Nc6 3. Bb5 Nf6 4. Nc3 g6 5. e5 Ng4 6. Bxc6 dxc6 7. h3 Nh6 8. g4 Bg7 9. d3 O-O 10. Be3 f5 11. exf6 exf6 12. Qd2 Nf7 13. O-O-O Qa5 14. a3 $11 Be6 15. Ne4 Qxd2+ 16. Bxd2 1/2-1/2

[Event "SVK Extraliga 2019-20"]
[Site "Slovakia"]
[Date "2020.01.19"]
[Round "6.6"]
[White "Veres, Andrej"]
[Black "Lisko, Frantisek"]
[Result "1-0"]
[ECO "B22"]
[WhiteElo "2237"]
[BlackElo "2256"]
[Annotator "NA"]
[PlyCount "37"]
[EventDate "2019.10.19"]
[EventType "team-tourn"]
[EventCountry "SVK"]
[SourceTitle "playchess.com"]
[Source "ChessBase"]
[SourceQuality "1"]
[WhiteTeam "Dubnica"]
[BlackTeam "Dunajov"]
[TimeControl "40/5400+30:1800+30"]

1. e4 c5 2. c3 Nf6 3. e5 Nd5 4. d4 cxd4 5. Nf3 e6 6. Qxd4 Nc6 7. Qe4 f5 8. exf6 Nxf6 9. Qh4 d5 10. Bd3 Bd6 11. Ng5 Ne5 12. Bc2 Qe7 13. O-O Bd7 14. Re1 O-O-O 15. Bf4 Nfg4 16. Qg3 Bc5 17. Nh3 Rdf8 18. Rxe5 Rxf4 19. Qxf4 1-0

[Event "SVK Extraliga 2019-20"]
[Site "Slovakia"]
[Date "2020.01.19"]
[Round "6.6"]
[White "Motycakova, Monika"]
[Black "Najgebauer, Szemjon"]
[Result "1/2-1/2"]
[ECO "B33"]
[WhiteElo "2102"]
[BlackElo "2178"]
[Annotator "ChessBase"]
[PlyCount "52"]
[EventDate "2019.10.19"]
[EventType "team-tourn"]
[EventCountry "SVK"]
[SourceTitle "playchess.com"]
[Source "ChessBase"]
[SourceQuality "1"]
[WhiteTeam "Liptovska"]
[BlackTeam "Košice"]
[TimeControl "40/5400+30:1800+30"]

1. e4 c5 2. Nf3 Nc6 3. d4 cxd4 4. Nxd4 Nf6 5. Nc3 e5 6. Ndb5 d6 7. Bg5 a6 8. Na3 b5 9. Bxf6 gxf6 10. Nd5 Bg7 11. Bd3 Ne7 12. Nxe7 Qxe7 13. O-O O-O 14. c4 f5 15. Qf3 d5 16. cxd5 Rb8 17. exf5 e4 18. Bxe4 Bxb2 19. Qg3+ Kh8 20. Qxb8 Bxa1 21. Rxa1 Qxe4 22. Qd6 Rg8 23. Qf6+ Rg7 24. Qd8+ Rg8 25. Qf6+ Rg7 26. Qd8+ Rg8 1/2-1/2

[Event "SVK Extraliga 2019-20"]
[Site "Slovakia"]
[Date "2020.01.19"]
[Round "6.6"]
[White "Bochnicka, Vladimir"]
[Black "Gazik, Igor"]
[Result "0-1"]
[ECO "B03"]
[WhiteElo "2094"]
[BlackElo "2256"]
[Annotator "NA"]
[PlyCount "72"]
[EventDate "2019.10.19"]
[EventType "team-tourn"]
[EventCountry "SVK"]
[SourceTitle "playchess.com"]
[Source "ChessBase"]
[SourceQuality "1"]
[WhiteTeam "Bratislava"]
[BlackTeam "Podhajska"]
[TimeControl "40/5400+30:1800+30"]

1. e4 Nf6 2. e5 Nd5 3. d4 Nb6 4. c4 d6 5. exd6 exd6 6. Nc3 Nc6 7. Be3 Be7 8. Rc1 O-O 9. b3 Bg5 10. Nf3 Bxe3 11. fxe3 Re8 12. Qd2 Qe7 13. Nd1 Bg4 14. Be2 d5 15. c5 Nd7 16. O-O Nf6 17. b4 a6 18. a4 Ne4 19. Qe1 Qe6 20. b5 axb5 21. axb5 Ne7 22. Ne5 Bxe2 23. Qxe2 f6 24. Nd3 g5 25. N3f2 Nxf2 26. Qxf2 Kg7 27. Nc3 Ng6 28. e4 dxe4 29. Rce1 e3 30. Qf3 c6 31. bxc6 bxc6 32. Ne2 Nh4 33. Qh5 Qe4 34. Nf4 Ra2 35. Rf3 Nxf3+ 36. gxf3 Qxf4 0-1

[Event "SVK Extraliga 2019-20"]
[Site "Slovakia"]
[Date "2020.01.19"]
[Round "6.7"]
[White "Farkas, Gabor"]
[Black "Briestensky, Rastislav"]
[Result "1/2-1/2"]
[ECO "B01"]
[WhiteElo "2355"]
[BlackElo "2344"]
[Annotator "ChessBase"]
[PlyCount "193"]
[EventDate "2019.10.19"]
[EventType "team-tourn"]
[EventCountry "SVK"]
[SourceTitle "playchess.com"]
[Source "ChessBase"]
[SourceQuality "1"]
[WhiteTeam "Streda"]
[BlackTeam "Slovan"]
[TimeControl "40/5400+30:1800+30"]

1. e4 d5 2. exd5 Qxd5 3. d4 Nf6 4. Nc3 Qd8 5. Bf4 c6 6. Nf3 Bg4 7. Be2 e6 8. h3 Bxf3 9. Bxf3 Bb4 10. O-O O-O 11. a3 Bd6 12. Bg5 Nbd7 13. Ne4 Be7 14. Nxf6+ Bxf6 15. Be3 Nb6 16. Qd3 Rc8 17. Rad1 Nd5 18. Bc1 Qc7 19. Be4 g6 20. Qf3 Bg7 21. c3 Rfd8 22. g3 Rd7 23. h4 Nf6 24. Bc2 Re8 25. Bg5 Nd5 26. h5 c5 27. Ba4 cxd4 28. cxd4 a6 29. Bxd7 Qxd7 30. Rfe1 Rc8 31. h6 Bf8 32. Rc1 Re8 33. Re2 Bd6 34. Rec2 f6 35. Bd2 Bb8 36. Bb4 Ba7 37. Bc5 Bb8 38. Bb4 Kf7 39. Qd3 f5 40. Rc4 g5 41. Qc2 Ba7 42. Qe2 Kg6 43. Qe5 Kxh6 44. Kg2 Kg6 45. Bd6 Bb6 46. Bb4 a5 47. Qd6 Qf7 48. Bd2 Rd8 49. Qe5 Qd7 50. g4 Nf6 51. f3 Bxd4 52. Qxa5 b6 53. Qa4 b5 54. Rxd4 bxa4 55. Rxd7 Rxd7 56. gxf5+ exf5 57. Bb4 Nd5 58. Rc6+ Kh5 59. Bf8 Nf4+ 60. Kg3 Ng6 61. Bb4 Ne5 62. Re6 f4+ 63. Kg2 Nd3 64. Bc3 Rb7 65. Re2 Rb6 66. Rd2 Rd6 67. Re2 Kg6 68. Re4 Rc6 69. Re2 h5 70. Kh3 Kf5 71. Kg2 Re6 72. Rd2 Rd6 73. Re2 Rd5 74. Re8 Nxb2 75. Rf8+ Ke6 76. Rf6+ Kd7 77. Bxb2 Rd2+ 78. Kh3 Rxb2 79. Rd6+ Kc7 80. Rc6+ Kb7 81. Rc7+ Ka8 82. Ra7+ Kb8 83. Ra5 Rb3 84. Kg2 g4 85. fxg4 hxg4 86. Rxa4 Rg3+ 87. Kf2 Rf3+ 88. Kg2 Kb7 89. Rc4 Ka6 90. a4 Kb6 91. Re4 Kc5 92. a5 Kc6 93. a6 Kb6 94. Re6+ Ka7 95. Rg6 Rg3+ 96. Kf2 Kb8 97. Rg7 1/2-1/2

[Event "SVK Extraliga 2019-20"]
[Site "Slovakia"]
[Date "2020.01.19"]
[Round "6.7"]
[White "Fiacan, Robert"]
[Black "Danada, Tomas"]
[Result "0-1"]
[ECO "B23"]
[WhiteElo "2283"]
[BlackElo "2277"]
[Annotator "ChessBase"]
[PlyCount "88"]
[EventDate "2019.10.19"]
[EventType "team-tourn"]
[EventCountry "SVK"]
[SourceTitle "playchess.com"]
[Source "ChessBase"]
[SourceQuality "1"]
[WhiteTeam "Snina"]
[BlackTeam "Prakovce"]
[TimeControl "40/5400+30:1800+30"]

1. e4 c5 2. Nc3 e6 3. f4 a6 4. Nf3 b5 5. g3 Bb7 6. d3 d5 7. e5 Nh6 8. d4 Nc6 9. Ne2 Nf5 10. c3 h5 11. Bh3 g6 12. O-O Be7 13. Kh1 a5 14. a4 b4 15. dxc5 Bxc5 16. Ned4 Ncxd4 17. cxd4 Be7 18. Re1 Ba6 19. Be3 Rc8 20. Bf2 Kd7 21. Nd2 Qc7 22. Rc1 Qxc1 23. Qxc1 Rxc1 24. Rxc1 Rc8 25. Rxc8 Kxc8 26. Bf1 Bxf1 27. Nxf1 g5 28. Nd2 g4 29. Nb3 Bd8 30. Kg2 Bb6 31. h3 Kd7 32. hxg4 hxg4 33. Kf1 Ke8 34. Ke2 Kf8 35. Kd3 Kg7 36. Nc5 Bxc5 37. dxc5 Ne7 38. b3 Nc6 39. Bd4 Kf8 40. Ke3 Ke7 41. Bb2 Kd7 42. Kd2 Nb8 43. Ke3 Na6 44. Bd4 Kc6 0-1

[Event "SVK Extraliga 2019-20"]
[Site "Slovakia"]
[Date "2020.01.19"]
[Round "6.7"]
[White "Horvath, Mario"]
[Black "Bochnickova, Andrea"]
[Result "1/2-1/2"]
[ECO "A35"]
[WhiteElo "2197"]
[BlackElo "2112"]
[Annotator "NA"]
[PlyCount "100"]
[EventDate "2019.10.19"]
[EventType "team-tourn"]
[EventCountry "SVK"]
[SourceTitle "playchess.com"]
[Source "ChessBase"]
[SourceQuality "1"]
[WhiteTeam "Podhajska"]
[BlackTeam "Bratislava"]
[TimeControl "40/5400+30:1800+30"]

1. Nf3 Nf6 2. c4 c5 3. Nc3 Nc6 4. g3 d6 5. Bg2 g6 6. O-O Bg7 7. e4 O-O 8. d3 Rb8 9. h3 a6 10. a4 e5 11. Ne1 Nd4 12. Ne2 Nxe2+ 13. Qxe2 b5 14. axb5 axb5 15. b3 Bd7 16. Nc2 Qc7 17. Ne3 bxc4 18. bxc4 Rb3 19. Rd1 Rfb8 20. Rd2 Qb6 21. Rda2 Rb1 22. Qc2 Qb3 23. Qxb3 R8xb3 24. Ra8+ Ne8 25. Bf1 Bh6 26. Kg2 Kg7 27. R8a7 Be6 28. Be2 Bxe3 29. Bxe3 Rxa1 30. Rxa1 Rb6 31. Ra7 h5 32. Bg5 Nf6 33. Ra8 Rb2 34. Bd1 Nd7 35. Ra6 Rb6 36. Rxb6 Nxb6 37. Bd8 Nc8 38. f3 f6 39. g4 hxg4 40. fxg4 Bd7 41. h4 Kf7 42. Kg3 Ne7 43. Bc7 Ke6 44. h5 Be8 45. h6 g5 46. Bd8 Bg6 47. Ba4 Ng8 48. Be8 Bh7 49. Bc6 Ne7 50. Be8 Ng8 1/2-1/2

[Event "SVK Extraliga 2019-20"]
[Site "Slovakia"]
[Date "2020.01.19"]
[Round "6.7"]
[White "Tropp, Lukas"]
[Black "Brnusak, Tomas"]
[Result "1/2-1/2"]
[ECO "B30"]
[WhiteElo "2132"]
[BlackElo "2032"]
[Annotator "ChessBase"]
[PlyCount "64"]
[EventDate "2019.10.19"]
[EventType "team-tourn"]
[EventCountry "SVK"]
[SourceTitle "playchess.com"]
[Source "ChessBase"]
[SourceQuality "1"]
[WhiteTeam "Košice"]
[BlackTeam "Liptovska"]
[TimeControl "40/5400+30:1800+30"]

1. e4 c5 2. Nf3 Nc6 3. Bb5 Nd4 4. Nxd4 cxd4 5. O-O g6 6. c3 dxc3 7. Nxc3 Bg7 8. d4 a6 9. Bc4 e6 10. e5 f5 11. exf6 Nxf6 12. d5 O-O 13. dxe6 dxe6 14. Qe2 Re8 15. Rd1 Qc7 16. Ne4 Nxe4 17. Qxe4 Kh8 18. Be3 Bd7 19. Bd4 e5 20. Bb6 Qxb6 21. Rxd7 Rf8 22. Bf7 Rab8 23. Rad1 Rbd8 24. h3 Rxd7 25. Rxd7 Qxb2 26. Rxb7 Qd4 27. Qd5 Rd8 28. Qe6 Qf4 29. Rd7 Qc1+ 30. Kh2 Qf4+ 31. Kg1 Rb8 32. Rb7 Qc1+ 1/2-1/2

[Event "SVK Extraliga 2019-20"]
[Site "Slovakia"]
[Date "2020.01.19"]
[Round "6.7"]
[White "Hanko, Pavol"]
[Black "Bombek, Peter"]
[Result "1/2-1/2"]
[ECO "D58"]
[WhiteElo "2107"]
[BlackElo "2165"]
[Annotator "ChessBase"]
[PlyCount "56"]
[EventDate "2019.10.19"]
[EventType "team-tourn"]
[EventCountry "SVK"]
[SourceTitle "playchess.com"]
[Source "ChessBase"]
[SourceQuality "1"]
[WhiteTeam "Dunajov"]
[BlackTeam "Dubnica"]
[TimeControl "40/5400+30:1800+30"]

1. d4 d5 2. Nf3 Nf6 3. c4 e6 4. Bg5 Be7 5. e3 h6 6. Bh4 O-O 7. Nc3 b6 8. Be2 dxc4 9. Bxc4 Bb7 10. O-O Nbd7 11. Qe2 Ne4 12. Bxe7 Nxc3 13. bxc3 Qxe7 14. Ba6 Bxa6 15. Qxa6 c5 16. a4 Rfc8 17. h3 Nf6 18. c4 Rc7 19. Rfc1 Rac8 20. a5 cxd4 21. exd4 Nd5 22. axb6 axb6 23. Qb5 Qb4 24. Qxb4 Nxb4 25. Nd2 Rd7 26. Nb3 Rdc7 27. Nd2 Rd7 28. Nb3 Rdc7 1/2-1/2